 Dungeon Crawl Stone Soup version 0.29-a0-294-g83ea962da3 (webtiles) character file.

Game seed: 12264884941945041120

1542 Gildeon the Basher (level 8, 0/49 HPs)
             Began as a Gargoyle Fighter on Mar 17, 2022.
             Was an Initiate of Okawaru.
             Slain by a komodo dragon (13 damage)
             ... on level 6 of the Dungeon on Mar 18, 2022.
             The game lasted 00:16:10 (6221 turns).

Gildeon the Basher (Gargoyle Fighter)               Turns: 6221, Time: 00:16:10

Health: 0/49       AC: 24    Str: 27    XL:     8   Next: 87%
Magic:  8/8        EV:  8    Int:  4    God:    Okawaru [......]
Gold:   229        SH:  4    Dex: 11    Spells: 4/7 levels left

rFire   . . .      SeeInvis .   t - +0 morningstar
rCold   + + +      Faith    .   c - +0 buckler
rNeg    + + .      Spirit   .   B - +5 chain mail of the Chupacabra {rC+++ rN+ Int-4}
rPois   ∞          Reflect  .   o - +0 helmet
rElec   +          Harm     .   m - +0 cloak
rCorr   +          Rampage  .   (no gloves)
Will    .....                   l - +0 pair of boots
Stlth   ..........              (no amulet)
HPRegen 0.16/turn               s - +6 ring of strength
MPRegen 0.11/turn               y - ring of resist corrosion

@: no status effects
A: sickness immunity, AC +5, negative energy resistance 1, electricity
resistance, torment resistance 1, petrification resistance
a: Renounce Religion


You were on level 6 of the Dungeon.
You worshipped Okawaru.
Okawaru was noncommittal.
You visited 2 branches of the dungeon, and saw 7 of its levels.

You collected 229 gold pieces.

Inventory:

Hand Weapons
 t - a +0 morningstar (weapon)
Missiles
 k - 2 throwing nets (quivered)
Armour
 c - a +0 buckler (worn)
 l - a +0 pair of boots (worn)
 m - a +0 cloak (worn)
 o - a +0 helmet (worn)
 B - the +5 chain mail of the Chupacabra (worn) {rC+++ rN+ Int-4}
   (You found it on level 4 of the Dungeon)

   Int:       It affects your intelligence (-4).
   rC:        It renders you almost immune to cold.
   rN:        It protects you from negative energy.
Jewellery
 a - a ring of protection from cold
 e - a ring of positive energy
 s - a +6 ring of strength (left hand)
 w - a ring of protection from cold
 y - a ring of resist corrosion (right hand)
Wands
 z - a wand of paralysis (11)
Scrolls
 h - 4 scrolls of teleportation
 n - a scroll of fear {unknown}
 q - 3 scrolls of fog
 r - a scroll of magic mapping {unknown}
 v - a scroll of holy word {unknown}
 x - a scroll of enchant weapon {unknown}
 A - a scroll of enchant armour {unknown}
Potions
 b - a potion of brilliance {unknown}
 d - 3 potions of might
 f - 3 potions of haste
 g - 2 potions of ambrosia {unknown}
 i - 3 potions of curing
 j - 4 potions of heal wounds
 p - 3 potions of flight
 u - a potion of cancellation {unknown}


   Skills:
 - Level 5.0 Fighting
 * Level 9.6 Maces & Flails
 - Level 5.0 Armour
 + Level 0.8 Dodging
 + Level 3.6 Shields


You had 4 spell levels left.
You knew the following spells:

 Your Spells              Type           Power      Damage    Failure   Level
a - Mephitic Cloud        Conj/Pois/Air  0%         N/A       100%        3

Your spell library contained the following spells:

 Spells                   Type           Power      Damage    Failure   Level
 Apportation              Tloc           0%         N/A       99%         1
 Blink                    Tloc           0%         N/A       99%         2
 Corpse Rot               Necr/Air       0%         N/A       99%         2
 Poisonous Vapours        Pois/Air       0%         N/A       99%         2
 Wereblood                Tmut           0%         N/A       99%         2
 Ignite Poison            Fire/Tmut/Pois 0%         N/A       100%        3
 Lesser Beckoning         Tloc           0%         N/A       100%        3
 Freezing Cloud           Conj/Ice/Air   0%         6-21      100%        5
 Manifold Assault         Tloc           0%         N/A       100%        5
 Animate Skeleton         Necr           Unusable   N/A       N/A         1
 Summon Small Mammal      Summ           Unusable   N/A       N/A         1
 Sublimation of Blood     Necr           Unusable   N/A       N/A         2
 Summon Hydra             Summ           Unusable   N/A       N/A         7

Dungeon Overview and Level Annotations

Branches:
Dungeon (6/15)             Temple (1/1) D:6

Altars:
Ashenzari
Cheibriados
Dithmenos
Elyvilon
Fedhas
Gozag
Hepliaklqana
Kikubaaqudgha
Makhleb
Okawaru
Qazlal
Ru
Sif Muna
Trog
Uskayaw
Vehumet
Wu Jian
Xom
Yredelemnul
Zin
The Shining One

Shops:
D:1 ([[


Innate Abilities, Weirdness & Mutations

You are immune to sickness and miasma.
Your stone body is resilient. (AC +5)
You are immune to poison.
You resist negative energy. (rN+)
You are resistant to electric shocks. (rElec)
You are resistant to unholy torment.
You are immune to petrification.


Message History

You block the steam dragon's attack.
The steam dragon claws you but does no damage.
You impale the steam dragon!!
You kill the steam dragon!
Okawaru is honoured by your kill.
The steam dragon scales are intact enough to wear.
Things that are here:
+0 steam dragon scales; a steam dragon corpse
Things that are here:
+0 steam dragon scales; a steam dragon corpse A komodo dragon comes into view.
You start resting.
A komodo dragon is nearby!
The komodo dragon hisses angrily.
You hit the komodo dragon.
The komodo dragon is lightly wounded.
The komodo dragon bites you!
You sock the komodo dragon!
The komodo dragon is heavily wounded.
The komodo dragon bites you but does no damage.
You hit the komodo dragon but do no damage.
The komodo dragon is heavily wounded.
The komodo dragon bites you but does no damage.
You barely miss the komodo dragon.
The komodo dragon is heavily wounded.
The komodo dragon bites you but does no damage.
You bludgeon the komodo dragon!!
The komodo dragon is almost dead.
The komodo dragon closely misses you.
You hit the komodo dragon.
The komodo dragon is almost dead.
The komodo dragon bites you!
* * * LOW HITPOINT WARNING * * *
You hit the komodo dragon but do no damage.
The komodo dragon is almost dead.
The komodo dragon bites you but does no damage.
You barely miss the komodo dragon.
The komodo dragon is almost dead.
The komodo dragon bites you!
You die...

.......^...#...
...........#...#
...........#...####
..>........#......#
...........#......#
##....[....#......#
.#.........#......#
.#.........#...[..#
.#.........'...l@.#
.#.........#.†.[###
.#†........#....#
..†###.....#..........
.⌠.# #######..........
...###.....#.....l....
..........##########..
.>..⌠.....# .
...........#


You could see a komodo dragon.

Vanquished Creatures
  Menkaure (D:5)
  A steam dragon (D:6)
  2 black bears (D:4)
  A phantom (D:4)
  A necrophage (D:5)
  A bullfrog (D:6)
  2 scorpions
  2 howler monkeys (D:4)
  2 hounds
  2 jellies
  3 orc priests (D:5)
  4 iguanas
  5 orc wizards
  Robin (D:2)
  3 gnolls (D:4)
  7 adders
  3 worms
  4 dart slugs
  27 orcs
  9 bats
  6 endoplasms
  7 giant cockroaches
  12 goblins
  19 hobgoblins
  2 jackals (D:5)
  4 quokkas
  15 ball pythons
  10 frilled lizards
  7 kobolds
  4 rats
167 creatures vanquished.

Vanquished Creatures (others)
  5 fungi (D:4)
5 creatures vanquished.

Grand Total: 172 creatures vanquished

Notes
Turn   | Place    | Note
-------+----------+-------------------------------------------
     0 | D:1      | Gildeon the Gargoyle Fighter began the quest for the Orb.
     0 | D:1      | Reached XP level 1. HP: 14/14 MP: 1/1
     0 | D:1      | Upgraded the game from 0.29-a0-289-g2178c42546 to
                  | 0.29-a0-294-g83ea962da3
   230 | D:1      | Reached XP level 2. HP: 18/19 MP: 2/2
   305 | D:1      | Reached skill level 3 in Maces & Flails
   699 | D:1      | Found Jotyh's Antique Weapon Emporium.
   714 | D:1      | Reached XP level 3. HP: 23/23 MP: 3/3
   783 | D:1      | Found Nianuw's Armour Boutique.
  1045 | D:1      | Found Jiemeh's Antique Armour Boutique.
  1280 | D:2      | Reached skill level 4 in Maces & Flails
  1331 | D:2      | Found a faded altar of an unknown god.
  1361 | D:2      | Reached XP level 4. HP: 14/28 MP: 4/4
  1611 | D:2      | Learned a level 3 spell: Mephitic Cloud
  1742 | D:2      | Noticed Robin
  1759 | D:2      | Killed Robin
  1979 | D:2      | Reached skill level 5 in Maces & Flails
  1979 | D:2      | Reached XP level 5. HP: 29/32 MP: 5/5
  3132 | D:4      | Noticed a phantom
  3153 | D:4      | Killed a phantom
  3154 | D:4      | Reached skill level 6 in Maces & Flails
  3154 | D:4      | Reached XP level 6. HP: 28/37 MP: 6/6
  3357 | D:4      | Reached skill level 7 in Maces & Flails
  3378 | D:4      | Reached XP level 7. HP: 16/41 MP: 7/7
  3728 | D:4      | Reached skill level 8 in Maces & Flails
  3805 | D:4      | Identified the +5 chain mail of the Chupacabra {rC+++ rN+
                  | Int-4}
  4003 | D:5      | Entered Level 5 of the Dungeon
  4079 | D:5      | Noticed Menkaure
  4093 | D:5      | Killed Menkaure
  4276 | D:5      | Reached XP level 8. HP: 32/48 MP: 8/8
  5022 | D:5      | Reached skill level 9 in Maces & Flails
  5585 | D:6      | Found a staircase to the Ecumenical Temple.
  5618 | Temple   | Entered the Ecumenical Temple
  6011 | Temple   | Became a worshipper of Warmaster Okawaru
  6062 | D:6      | Reached skill level 5 in Fighting
  6062 | D:6      | Reached skill level 5 in Armour
  6208 | D:6      | Noticed a komodo dragon
  6221 | D:6      | Slain by a komodo dragon

Illustrated notes

Levels and vault maps discovered:
D:1:      arrival_zaba_pyramid, layout_basic, serial_shops, shop,
          nicolae_shop_stone, shop
D:2:      layout_basic, nicolae_ecumenical_snake_handling,
          chequers_serial_rivers_micro_c, corexii_corridor_pit,
          minmay_joined_circles, uniq_robin
D:3:      layout_rooms
D:4:      layout_rooms, dreamdust_mushroom_princess
D:5:      layout_rooms, grunt_ministairs_12, uniq_menkaure
D:6:      layout_gridville, minmay_temple_entry_junction,
          kennysheep_generic_room_14
Temple:   mainiacjoe_temple_trianglar_array

Skill      XL: |  1  2  3  4  5  6  7  8 |
---------------+-------------------------+-----
Maces & Flails | 3 4 5 6 7 8 9 |  9.6
Fighting       | 5 |  5.0
Armour         | 5 |  5.0
Dodging        | |  0.8
Shields        | |  3.6

Action                   |  1- 3 |  4- 6 |  7- 9 || total
-------------------------+-------+-------+-------++-------
Melee: Flail             |   132 |   138 |       ||   270
       Morningstar       |       |   105 |   196 ||   301
  Use: Scroll            |       |     1 |     6 ||     7
Armor: Scale mail        |    93 |    66 |       ||   159
       Chain mail        |       |   111 |   138 ||   249
Dodge: Dodged            |    73 |   103 |    70 ||   246
Block: Buckler           |    37 |    56 |    35 ||   128

Table legend: (Time is in decaauts)
 A = Elapsed time spent in this place.
 B = Non-inter-level travel time spent in this place.
 C = Inter-level travel time spent in this place.
 D = Time resting spent in this place.
 E = Time spent auto-exploring this place.
 F = Levels seen in this place.
 G = Mean time per level.
                   A        B        C        D        E       F      G
               +--------+--------+--------+--------+--------+-----+--------+
         Total |   6331 |   6196 |    135 |    709 |   4037 |   7 |  904.4 |
       Dungeon |   5918 |   5802 |    116 |    709 |   3658 |   6 |  986.3 |
        Temple |    412 |    393 |     19 |      0 |    379 |   1 |  412.0 |
               +--------+--------+--------+--------+--------+-----+--------+

Top non-repeatable levels by time:
     D:2: 1361 daAuts
     D:4: 1288 daAuts
     D:1: 1239 daAuts
     D:5: 1201 daAuts
     D:3: 597 daAuts
  Temple: 412 daAuts
     D:6: 230 daAuts
